 Dungeon Crawl Stone Soup version 0.23-a0-635-g88ca12a7de (webtiles) character file.

2405 Azzar the Digger (level 9, -1/51 HPs)
             Began as a Gargoyle Earth Elementalist on Dec 27, 2018.
             Was an Initiate of Vehumet.
             Slain by a hornet zombie (9 damage)
             ... on level 7 of the Dungeon.
             The game lasted 00:19:06 (7929 turns).

Azzar the Digger (Gargoyle Earth Elementalist)      Turns: 7929, Time: 00:19:09

Health: -1/51      AC: 14    Str: 12    XL:     9   Next: 47%
Magic:  12/17      EV: 13    Int: 19    God:    Vehumet [......]
Gold:   264        SH:  0    Dex: 10    Spells: 10/19 levels left

rFire    . . .     SeeInvis +   q - +1 morningstar
rCold    . . .     Gourm    .   (no shield)
rNeg     + . .     Faith    .   c - +0 robe
rPois    ∞         Spirit   .   (no helmet)
rElec    +         Reflect  .   t - +1 cloak
rCorr    .         Harm     .   (no gloves)
MR       +....                  l - +2 pair of boots
Stlth    ++........             f - amulet of rage
HPRegen  0.17/turn              n - ring of see invisible
MPRegen  0.15/turn              e - ring of protection from magic

@: no status effects
A: negative energy resistance 1, electricity resistance, unbreathing,
petrification resistance, rot immunity, AC +6
a: Renounce Religion, Evoke Berserk Rage


You were on level 7 of the Dungeon.
You worshipped Vehumet.
Vehumet was noncommittal.
You were not hungry.

You visited 2 branches of the dungeon, and saw 8 of its levels.

You collected 264 gold pieces.

Inventory:

Hand Weapons
 j - a +0 morningstar
 q - a +1 morningstar (weapon)
Missiles
 b - 96 stones (quivered)
 h - 2 throwing nets
Armour
 c - a +0 robe (worn)
 l - a +2 pair of boots (worn)
 t - a +1 cloak (worn)
Jewellery
 a - an uncursed ring of stealth
 e - a ring of protection from magic (right hand)
 f - an amulet of rage (around neck)
 n - a ring of see invisible (left hand)
 w - an uncursed ring of stealth
Wands
 i - a wand of scattershot (4)
Scrolls
 g - 5 scrolls of remove curse
 m - a scroll of fear
 r - 3 scrolls of teleportation
 y - a scroll of magic mapping
Potions
 k - 2 potions of mutation {unknown}
 o - 6 potions of heal wounds
 p - a potion of agility {unknown}
 u - 2 potions of flight {unknown}
 v - a potion of degeneration {unknown}
 x - a potion of brilliance {unknown}
 z - a potion of haste
Comestibles
 d - 18 rations
 s - 4 chunks of flesh


   Skills:
 + Level 3.4 Fighting
 + Level 3.0 Maces & Flails
 + Level 3.6 Armour
 + Level 3.2 Dodging
 - Level 2.1 Stealth
 + Level 5.6 Spellcasting
 + Level 5.4 Conjurations
   Level 0.7 Transmutations
 + Level 7.8 Earth Magic
 + Level 2.8 Evocations


You had 10 spell levels left.
You knew the following spells:

 Your Spells              Type           Power        Failure   Level  Hunger
a - Sandblast             Erth           #####.       1%          1    None
b - Stone Arrow           Conj/Erth      ####..       2%          3    ##.....
c - Lee's Rapid Deconstr  Erth           #####.....   13%         5    #####..

Your spell library contained the following spells:

 Spells                   Type           Power        Failure   Level  Hunger
 Passwall                 Tmut/Erth      ###.....     3%          2    None
 Petrify                  Tmut/Erth      ###.....     21%         4    ####...


Dungeon Overview and Level Annotations

Branches:
Dungeon (7/15)             Temple (1/1) D:7

Altars:
Ashenzari
Cheibriados
Dithmenos
Elyvilon
Gozag
Hepliaklqana
Kikubaaqudgha
Nemelex Xobeh
Okawaru
Qazlal
Ru
Sif Muna
Trog
Uskayaw
Vehumet
Wu Jian
Yredelemnul
The Shining One


Innate Abilities, Weirdness & Mutations

You are resistant to torment.
Your stone body is resilient. (AC +6)
You are immune to poison.
You resist negative energy. (rN+)
You are resistant to electric shocks. (rElec)
You can survive without breathing.
You are immune to petrification.
You are immune to rotting.


Message History

Aiming: Sandblast (safe; 1% risk of failure)
Press: ? - help, Shift-Dir - straight line, f/p - hornet zombie
Aim: a hornet zombie (heavily damaged)
The blast of sand hits the hornet zombie.
The hornet zombie is severely damaged.
b - 97 stones The hornet zombie hits you.
* * * LOW HITPOINT WARNING * * *
Casting: Sandblast (safe; 1% risk of failure)
Confirm with . or Enter, or press ? or * to list all spells.
Aiming: Sandblast (safe; 1% risk of failure)
Press: ? - help, Shift-Dir - straight line, f/p - hornet zombie
Aim: a hornet zombie (severely damaged)
The blast of sand hits the hornet zombie.
The hornet zombie is severely damaged.
b - 96 stones The hornet zombie hits you.
* * * LOW HITPOINT WARNING * * *
The hornet zombie hits you!
You die...

..#........#.................#
..##.......#.................#
..##.......#.................#
...###.###.#.................#
.#.# #.# #.#.....)...........#
.#.###.###.#.......###########
...........#.......#
###.##.#########.#.# #..#.#
#@#.# ##.#.# #Z#.# #...# #.#.#
#####..# #.#.# .......# #.#.#
.......# #.#.# .......#
..)...........#
.......######.<........#
......>................#


You could see a hornet zombie.

Vanquished Creatures
  Sigmund (D:2)
  A spriggan (D:7)
  Eustachio (D:4)
  An ice beast (D:6)
  A black bear (D:6)
  3 ogres
  An orc warrior (D:5)
  A centaur (D:6)
  A bullfrog (D:7)
  2 scorpions
  A vampire bat (D:3)
  2 howler monkeys
  4 crimson imps
  3 hounds
  A jelly (D:7)
  3 orc priests
  A bullfrog skeleton (D:4)
  3 orc wizards
  5 worker ants
  5 iguanas
  Natasha (thrice) (D:4)
  A hound skeleton (D:7)
  4 gnolls
  12 adders
  2 shadow imps
  2 oozes
  3 worms
  2 dart slugs
  3 leopard geckos
  19 orcs
  2 ball pythons (D:1)
  11 bats
  7 giant cockroaches
  8 hobgoblins
  7 jackals
  3 kobolds
  A quokka (D:2)
  A frilled lizard (D:3)
  7 goblins
  3 rats
142 creatures vanquished.

Vanquished Creatures (others)
  An orc (D:6)
1 creature vanquished.

Grand Total: 143 creatures vanquished

Notes
Turn   | Place    | Note
-------+----------+-------------------------------------------
     0 | D:1      | Azzar the Gargoyle Earth Elementalist began the quest for
                  | the Orb.
     0 | D:1      | Reached XP level 1. HP: 10/10 MP: 3/3
    63 | D:1      | Reached XP level 2. HP: 15/15 MP: 3/5
   159 | D:1      | Reached skill level 4 in Earth Magic
   679 | D:1      | Reached XP level 3. HP: 15/19 MP: 6/6
   919 | D:1      | Learned a level 3 spell: Stone Arrow
  1172 | D:2      | Noticed Sigmund
  1180 | D:2      | Killed Sigmund
  1180 | D:2      | Reached skill level 5 in Earth Magic
  1180 | D:2      | Reached XP level 4. HP: 15/24 MP: 0/9
  1180 | D:2      | Reached XP level 5. HP: 17/28 MP: 0/10
  1187 | D:2      | Learned a level 5 spell: Lee's Rapid Deconstruction
  1673 | D:2      | Found a shadowy altar of Dithmenos.
  1673 | D:2      | Found a hide-covered altar of Uskayaw.
  1677 | D:2      | Found a white marble altar of Elyvilon.
  1678 | D:2      | Found a sacrificial altar of Ru.
  1694 | D:2      | Reached XP level 6. HP: 25/32 MP: 11/11
  2118 | D:3      | Reached skill level 6 in Earth Magic
  2741 | D:3      | Found an opulent altar of Gozag.
  2750 | D:3      | Reached XP level 7. HP: 36/36 MP: 13/13
  3469 | D:4      | Noticed Natasha
  3476 | D:4      | Killed Natasha
  3555 | D:4      | Noticed Natasha
  3556 | D:4      | Reached skill level 1 in Armour
  3559 | D:4      | Killed Natasha
  3559 | D:4      | Reached skill level 1 in Fighting
  3559 | D:4      | Reached skill level 1 in Maces & Flails
  3737 | D:4      | Noticed Eustachio
  3742 | D:4      | Killed Eustachio
  3742 | D:4      | Reached skill level 1 in Evocations
  3742 | D:4      | Reached XP level 8. HP: 43/43 MP: 6/15
  3799 | D:4      | Noticed Natasha
  3804 | D:4      | Killed Natasha
  4278 | D:5      | Entered Level 5 of the Dungeon
  4349 | D:5      | Found an iron altar of Okawaru.
  4420 | D:5      | Reached skill level 5 in Spellcasting
  4420 | D:5      | Reached skill level 7 in Earth Magic
  6076 | D:6      | Reached skill level 5 in Conjurations
  6254 | D:6      | Reached XP level 9. HP: 49/49 MP: 5/17
  6711 | D:6      | Found a hazy altar of Hepliaklqana.
  7504 | D:7      | Found a staircase to the Ecumenical Temple.
  7516 | Temple   | Entered the Ecumenical Temple
  7612 | Temple   | Became a worshipper of Vehumet
  7929 | D:7      | Slain by a hornet zombie

Vault maps used:
D:1:      scummos_arrival_checkerplants, minmay_misc_feat_ornament
D:2:      minitemple, serial_bayou, serial_bayou_lagoon_a, serial_bayou_pond_a,
          serial_bayou_lagoon_b, serial_bayou_pond_c, serial_bayou_pond_d,
          kennysheep_generic_room_7, uniq_sigmund
D:3:      nicolae_gozag_seed_capital, hangedman_decor_diamond_cutter,
          roderic_batcave
D:4:      minmay_misc_feat_pillars, uniq_eustachio, uniq_natasha
D:5:      kennysheep_okawaru_gauntlet, first_ration
D:6:      kennysheep_little_box, minmay_misc_feat_four_crosses
D:7:      minmay_temple_entry_antechambers, the_bakery
Temple:   jpeg_temple_clearing

Skill      XL: |  1  2  3  4  5  6  7  8  9 |
---------------+----------------------------+-----
Earth Magic    | 4 5 6 7 |  7.8
Spellcasting   | 3 4 5 |  5.6
Conjurations   | 2 3 4 5 |  5.4
Armour         | 1 3 |  3.6
Fighting       | 1 2 3 |  3.4
Maces & Flails | 1 2 3 |  3.0
Dodging        | 2 3 |  3.2
Evocations     | 1 2 |  2.8
Stealth        | |  2.1
Transmutations | |  0.7

Action                   |  1- 3 |  4- 6 |  7- 9 || total
-------------------------+-------+-------+-------++-------
Melee: Short sword       |    59 |    70 |       ||   129
       Morningstar       |       |    13 |   274 ||   287
 Cast: Sandblast         |    20 |    36 |    83 ||   139
       Stone Arrow       |     1 |     3 |    17 ||    21
       Lee's Rapid Decon |       |       |     8 ||     8
  Use: Scroll            |     5 |     2 |     5 ||    12
       Potion            |       |       |     3 ||     3
 Stab: Sleeping          |     3 |     6 |     3 ||    12
  Eat: Chunk             |     1 |     5 |    18 ||    24
       Ration            |       |       |     1 ||     1
Armor: Robe              |    21 |    54 |   204 ||   279
Dodge: Dodged            |    31 |   100 |   277 ||   408

Table legend:
 A = Non-vault XP
 B = Vault XP
 C = Vault XP percentage of total XP
 D = Non-vault monster count
 E = Vault monster count
 F = Vault count percentage of total count
                 A         B        C        D         E       F
            +---------+---------+-------+---------+---------+-------
      Total |    2686 |     750 |  21.8 |     127 |      15 |  10.6
            +---------+---------+-------+---------+---------+-------
        D:1 |      43 |       0 |   0.0 |      20 |       0 |   0.0
        D:2 |      53 |     230 |  81.3 |      10 |       3 |  23.1
        D:3 |     275 |      66 |  19.4 |      24 |       7 |  22.6
        D:4 |     545 |     230 |  29.7 |      13 |       2 |  13.3
        D:5 |     559 |       4 |   0.7 |      22 |       2 |   8.3
        D:6 |     904 |       0 |   0.0 |      23 |       0 |   0.0
        D:7 |     307 |     220 |  41.7 |      15 |       1 |   6.2
            +---------+---------+-------+---------+---------+-------
